 Dungeon Crawl Stone Soup version 0.31-a0-1591-g515db51633 (webtiles) character file.

Game seed: 6264620109347213897

163 greenbean the Ruffian (level 5, 0/46 HPs)
             Began as a Ghoul Monk on Jan 7, 2024.
             Was a Priest of Sif Muna.
             Slain by an ice beast (4 damage)
             ... on level 5 of the Dungeon.
             The game lasted 00:10:22 (802 turns).

greenbean the Ruffian (Ghoul Monk)                   Turns: 802, Time: 00:10:22

Health: 0/46       AC:  5    Str: 17    XL:     5   Next: 44%
Magic:  5/5        EV: 11    Int:  9    God:    Sif Muna [***...]
Gold:   67         SH:  0    Dex: 11    Spells: 4/4 levels left

rFire   . .          .
                       - Unarmed
rCold   + . .        c - orb {light}
rNeg    + + +        m - +0 ring mail
rPois   ∞            (no helmet)
rElec   .            (no cloak)
rCorr   .            (no gloves)
SInv    .            (no boots)
Will    .....        (no amulet) Stlth
                     (no ring)
HPRegen 0.00/turn    (no ring)
MPRegen 0.09/turn

%: no passive effects
@: inhibited regen, glowing
A: claws 1, cold resistance 1, negative energy resistance 3, inhibited
regeneration, torment resistance 2, devour on kill
a: Renounce Religion, Channel Magic, Forget Spell


You were on level 5 of the Dungeon.
You worshipped Sif Muna.
Sif Muna was most pleased with you.
You visited 1 branch of the dungeon, and saw 5 of its levels.

You collected 67 gold pieces.

Inventory:

Hand Weapons
 f - a +0 whip of electrocution
Armour
 c - an orb of light (worn)
 m - a +0 ring mail (worn)
Scrolls
 i - 2 scrolls of blinking
Potions
 b - a potion of ambrosia
 d - 2 potions of brilliance
 e - a potion of lignification {unknown}
 k - 2 potions of attraction
 n - a potion of magic {unknown}


   Skills:
 + Level 3.9 Fighting
 + Level 1.0 Armour
 + Level 3.6 Dodging
 + Level 5.0 Unarmed Combat


You had 4 spell levels left.
You didn't know any spells.
Your spell library was empty.

Dungeon Overview and Level Annotations

Branches:
Dungeon (5/15)
 Temple: D:4-7

Altars:
Hepliaklqana
Sif Muna

Shops:
D:2 :

Annotations:
D:4 Robin


Innate Abilities, Weirdness & Mutations

You are immune to poison.
You have sharp fingernails.
Your flesh is cold resistant. (rC+)
You are immune to negative energy. (rN+++)
You do not regenerate when monsters are visible.
You are immune to unholy pain and torment.
You thrive by killing the living.


Message History

The scorpion barely misses you. The goblin barely misses you.
The scorpion stings you.
* * * LOW HITPOINT WARNING * * *
You scratch the scorpion but do no damage.
The scorpion is heavily wounded.
The scorpion stings you but does no damage.
You scratch the scorpion but do no damage.
The scorpion is heavily wounded.
The goblin hits you but does no damage. The scorpion barely misses you.
You claw the scorpion!
The scorpion is almost dead.
The goblin hits you but does no damage. The scorpion barely misses you.
You scratch the scorpion.
You kill the scorpion!
Sif Muna accepts your kill.
You feel better. The goblin barely misses you.
Your Armour skill increases to level 1!
Your Unarmed Combat skill increases to level 5!
You have reached level 5!
You feel stronger.
You feel better. The goblin barely misses you.
The ice beast hits you but does no damage.
You scratch the ice beast but do no damage.
The goblin hits you but does no damage. The ice beast hits you.
The ice beast freezes you. You resist.
You barely miss the ice beast. The goblin hits you but does no damage.
The ice beast hits you. The ice beast freezes you. You resist.
* * * LOW HITPOINT WARNING * * *
You completely miss the ice beast. The goblin hits you with a +0 club.
* * * LOW HITPOINT WARNING * * *
The ice beast hits you.
* * * LOW HITPOINT WARNING * * *
The ice beast freezes you. You resist.
* * * LOW HITPOINT WARNING * * *
You scratch the ice beast but do no damage.
The goblin misses you. The ice beast closely misses you.
You scratch the ice beast.
The ice beast is lightly wounded.
The goblin misses you. The ice beast hits you.
You die...

.. ###.
####.###...
.........#
........#
.......#..
.........
#Yg...>#
#@# #)# #.#
#.# ###


You could see an ice beast and a goblin.

Vanquished Creatures
  A scorpion (D:5)
  2 hounds
  An adder (D:3)
  2 dart slugs (D:1)
  7 endoplasms
  A goblin (D:5)
  5 hobgoblins
  4 jackals (D:1)
  2 bats (D:1)
  2 frilled lizards
  3 kobolds
  2 rats
32 creatures vanquished.

Notes
Turn   | Place    | Note
-------+----------+-------------------------------------------
     0 | D:1      | greenbean the Ghoul Monk began the quest for the Orb.
     0 | D:1      | Reached XP level 1. HP: 19/19 MP: 1/1
    96 | D:1      | Found a faded altar of an unknown god.
    96 | D:1      | Noticed a shining eye
    99 | D:1      | Noticed a golden eye
   100 | D:1      | Noticed a great orb of eyes
   100 | D:1      | Noticed a great orb of eyes
   105 | D:1      | Prayed at the altar of an unknown god.
   105 | D:1      | Became a worshipper of Sif Muna the Loreminder
   105 | D:1      | Reached * piety under Sif Muna
   105 | D:1      | Reached ** piety under Sif Muna
   145 | D:1      | Reached XP level 2. HP: 26/26 MP: 2/2
   169 | D:1      | Reached *** piety under Sif Muna
   216 | D:2      | Found Uqimnukh's Book Emporium.
   261 | D:3      | Reached XP level 3. HP: 32/33 MP: 3/3
   368 | D:3      | Found a hazy altar of Hepliaklqana.
   556 | D:3      | Reached skill level 4 in Unarmed Combat
   758 | D:4      | Reached XP level 4. HP: 32/40 MP: 4/4
   762 | D:4      | Noticed Robin
   779 | D:5      | Entered Level 5 of the Dungeon
   779 | D:5      | Noticed an ice beast
   781 | D:5      | Noticed a scorpion
   796 | D:5      | Killed a scorpion
   797 | D:5      | Reached skill level 1 in Armour
   797 | D:5      | Reached skill level 5 in Unarmed Combat
   797 | D:5      | Reached XP level 5. HP: 14/46 MP: 5/5
   802 | D:5      | Slain by an ice beast

Illustrated notes

Levels and vault maps discovered:
D:1:      shiori_arrival_elements, layout_loops_cross,
          hellmonk_ecumenical_altar_watching_god
D:2:      layout_basic, serial_shops, shop,
          hangedman_abyss_or_decor_lesser_grid, kennysheep_crisscross
D:3:      layout_basic, mainiacjoe_overflow_catwalk_spiral, serial_rivers,
          chequers_serial_rivers_small_a, chequers_serial_rivers_micro_c,
          chequers_serial_rivers_small_b, chequers_serial_rivers_small_3,
          chequers_serial_rivers_room_b
D:4:      layout_cave_pods, roderic_malta_cross, uniq_edmund, uniq_eustachio,
          uniq_robin, uniq_ijyb
D:5:      layout_rooms, minitemple, minmay_temple_entry_enclosed_plants,
          uniq_blork_the_orc

Skill      XL: |  1  2  3  4 |
---------------+-------------+-----
Dodging        | 3 |  3.6
Unarmed Combat | 4 5 |  5.0
Armour         | 1 |  1.0
Fighting       | |  3.9

Action                     |  1- 3 |  4- 6 || total
---------------------------+-------+-------++-------
  Melee: Unarmed           |    73 |    23 ||    96
    Use: Scroll            |     6 |     1 ||     7
         Potion            |       |     1 ||     1
 Armour: Robe              |    17 |       ||    17
         Ring mail         |    16 |    35 ||    51
         Leather armour    |     1 |       ||     1
         Skin              |     1 |       ||     1
  Dodge: Dodged            |    44 |    35 ||    79

Table legend: (Time is in decaauts)
 A = Elapsed time spent in this place.
 B = Non-inter-level travel time spent in this place.
 C = Inter-level travel time spent in this place.
 D = Time resting spent in this place.
 E = Time spent auto-exploring this place.
 F = Levels seen in this place.
 G = Mean time per level.
                   A        B        C        D        E       F      G
               +--------+--------+--------+--------+--------+-----+--------+
         Total |    794 |    377 |    417 |    100 |      0 |   5 |  158.8 |
       Dungeon |    794 |    377 |    417 |    100 |      0 |   5 |  158.8 |
               +--------+--------+--------+--------+--------+-----+--------+

Top non-repeatable levels by time:
     D:3: 455 daAuts
     D:1: 212 daAuts
     D:4: 75 daAuts
     D:2: 30 daAuts
     D:5: 20 daAuts
